 Dungeon Sprint DCSS version 0.24-a0-378-g94936e539c (webtiles) character file.

Game seed: 2540432551842529858

42 Freyura the Skirmisher (level 3, -4/24 HPs)
             Began as a Gargoyle Fighter on June 1, 2019.
             Slain by an ogre
             ... wielding a +0 giant club
              (17 damage)
             ... in the Dungeon (Sprint IX: "|||||||||||||||||||||||||||||").
             The game lasted 00:00:49 (52 turns).

Freyura the Skirmisher (Gargoyle Fighter)             Turns: 52, Time: 00:00:49

Health: -4/24      AC: 10    Str: 19    XL:     3   Next: 54%
Magic:  3/3        EV:  8    Int:  8    God:
Gold:   0          SH:  9    Dex: 10    Spells: 2/2 levels left

rFire    . . .     SeeInvis .   a - +0 flail
rCold    . . .     Gourm    .   c - +0 shield
rNeg     + . .     Faith    .   b - +0 scale mail
rPois    ∞         Spirit   .   (no helmet)
rElec    +         Reflect  .   (no cloak)
rCorr    .         Harm     .   (no gloves)
MR       .....     NoTele   +   (no boots)
Stlth    ..........             (no amulet)
HPRegen  0.08/turn              (no ring)
MPRegen  0.08/turn              (no ring)

@: no status effects
A: negative energy resistance 1, electricity resistance, unbreathing,
petrification resistance, rot immunity, AC +3
a: no special abilities


You were in the Dungeon.
You were not hungry.

You visited 1 branch

Inventory:

Hand Weapons
 a - a +0 flail (weapon)
Armour
 b - a +0 scale mail (worn)
 c - a +0 shield (worn)
Scrolls
 k - a scroll of blinking
Potions
 d - a potion of might
 e - a potion of curing
 h - a potion of haste
 i - 2 potions of magic
 j - a potion of berserk rage
Comestibles
 f - a ration


   Skills:
 + Level 4.4 Fighting
 * Level 4.3 Maces & Flails
 + Level 4.4 Armour
 + Level 1.9 Dodging
 + Level 4.4 Shields


You had 2 spell levels left.
You didn't know any spells.
Your spell library was empty.

Dungeon Overview and Level Annotations

Branches:
Dungeon (1/1)

Altars:


Innate Abilities, Weirdness & Mutations

You are resistant to torment.
Your stone body is resilient. (AC +3)
You are immune to poison.
You resist negative energy. (rN+)
You are resistant to electric shocks. (rElec)
You can survive without breathing.
You are immune to petrification.
You are immune to rotting.


Message History

The giant cockroach zombie bites you but does no damage.
You hit the giant cockroach zombie.
The giant cockroach zombie is heavily damaged.
You block the giant cockroach zombie's attack.
You barely miss the giant cockroach zombie.
The giant cockroach zombie is heavily damaged.
The giant cockroach zombie completely misses you.
The giant cockroach zombie bites you but does no damage.
You sock the giant cockroach zombie!
You destroy the giant cockroach zombie!
The ogre hits you with a +0 giant club.
You completely miss the ogre. The ogre hits you with a +0 giant club!
You sock the ogre!
The ogre is heavily wounded.
You block the ogre's attack.
You hit the ogre.
The ogre is heavily wounded.
The ogre hits you with a +0 giant club!
Ouch! That really hurt!
You die...

▓.▓
▓.▓
▓.▓
▓†▓
▓.▓
▓.▓
▓.▓
▓.▓
▓@▓
▓O▓
▓o▓
▓.▓
▓.▓
▓.▓
▓.▓
▓+▓


You could see an ogre and an orc.

Vanquished Creatures
  An orc priest (D)
  An ooze (D)
  A dart slug (D)
  A ball python (D)
  3 frilled lizards (D)
  A giant cockroach zombie (D)
8 creatures vanquished.

Notes
Turn   | Place    | Note
-------+----------+-------------------------------------------
     0 | D        | Freyura the Gargoyle Fighter began the quest for the Orb.
     0 | D        | Reached XP level 1. HP: 14/14 MP: 1/1
    11 | D        | Reached skill level 1 in Dodging
    11 | D        | Reached XP level 2. HP: 20/20 MP: 2/2
    30 | D        | Noticed an ogre
    45 | D        | Reached XP level 3. HP: 9/24 MP: 3/3
    52 | D        | Slain by an ogre

Levels and vault maps discovered:
D:        linesprint [early_d, line_temple, items_1, d_10, items_2, lair_1,
          lair_end, items_3, orc_1, orc_end, items_4, d_15, swamp_1, shoals_1,
          snake_1, spider_1, d_20, vaults_1, items_5, swamp_end, shoals_end,
          snake_end, spider_end, vaults_end, d_27, items_6, zot_1, zot_end,
          crypt_end, forest_end, elf_end, slime_end, tomb_end, abyss_end,
          pan_hell_end]

Skill      XL: |  1  2 |
---------------+-------+-----
Maces & Flails | 3 4 |  4.3
Dodging        | 1 |  1.9
Fighting       | 4 |  4.4
Armour         | 4 |  4.4
Shields        | 4 |  4.4

Action                   || total
-------------------------++-------
Melee: Flail             ||    34
  Use: Potion            ||     1
Armor: Scale mail        ||    13
Dodge: Dodged            ||     8
Block: Shield            ||    10

Table legend:
 A = Non-vault XP
 B = Vault XP
 C = Vault XP percentage of total XP
 D = Non-vault monster count
 E = Vault monster count
 F = Vault count percentage of total count
                 A         B        C        D         E       F
            +---------+---------+-------+---------+---------+-------
      Total |       0 |      60 | 100.0 |       0 |       8 | 100.0
            +---------+---------+-------+---------+---------+-------
          D |       0 |      60 | 100.0 |       0 |       8 | 100.0
            +---------+---------+-------+---------+---------+-------
